 Dungeon Crawl Stone Soup version 0.25.1-2-g60ff931df9 (webtiles) character file.

Game seed: 8753302962433089693

50773 DearestLeader the Earth Mage (level 14, 0/68 HPs)
             Began as a Gargoyle Earth Elementalist on Oct 1, 2020.
             Was a High Priest of Vehumet.
             Slain by Jorgrun
             ... wielding a +0 vorpal quarterstaff
              (9 damage)
             ... on level 1 of the Orcish Mines.
             The game lasted 01:13:52 (24017 turns).

DearestLeader the Earth Mage (GrEE)                Turns: 24017, Time: 01:13:52

Health: 0/68       AC: 18    Str: 18    XL:     14   Next: 56%
Magic:  6/37       EV: 10    Int: 19    God:    Vehumet [*****.]
Gold:   1743       SH:  5    Dex:  6    Spells: 2/33 levels left

rFire    + + +     SeeInvis +   X - staff of energy
rCold    + + +     Gourm    .   e - +1 buckler {rF+}
rNeg     + . .     Faith    .   h - +2 robe {rF+}
rPois    ∞         Spirit   .   f - +1 helmet "Raduemem" {rC+++ rCorr Dex-4 SInv}
rElec    +         Reflect  .   x - +0 cloak
rCorr    +         Harm     .   p - +0 pair of gloves
MR       +....                  (no boots)
Stlth    +.........             S - amulet "Zez Jitwe" {RegenMP Str+4}
HPRegen  0.21/turn              A - ring of protection from fire
MPRegen  0.50/turn              r - ring of magical power

@: about to teleport, grasped by roots, flying, slowed, constricted, lightly
drained, very slow
A: big wings, negative energy resistance 1, electricity resistance, unbreathing,
petrification resistance, rot immunity, AC +10
a: Stop Flying, Renounce Religion


You were on level 1 of the Orcish Mines.
You worshipped Vehumet.
Vehumet was extremely pleased with you.
You were not hungry.

You visited 4 branches of the dungeon, and saw 19 of its levels.
You also visited: Sewer.

You collected 1743 gold pieces.

Inventory:

Missiles
 b - 352 stones (quivered)
Armour
 e - a +1 buckler of fire resistance (worn)
 f - the +1 helmet "Raduemem" (worn) {rC+++ rCorr Dex-4 SInv}
   (You found it on level 2 of the Lair of Beasts)

   It affects your dexterity (-4).
   It renders you almost immune to cold.
   It lets you see invisible.
   It provides partial protection from all sources of acid and corrosion.
 h - a +2 robe of fire resistance (worn)
 p - a +0 pair of gloves (worn)
 x - a +0 cloak (worn)
Magical Staves
 j - an uncursed staff of earth
 X - an uncursed staff of energy (weapon)
Jewellery
 a - a +6 ring of intelligence
 i - an uncursed ring of positive energy
 k - an uncursed amulet of the acrobat {unknown}
 q - an uncursed ring of ice
 r - a ring of magical power (right hand)
 A - a ring of protection from fire (left hand)
 H - an uncursed ring of protection from fire
 S - the amulet "Zez Jitwe" (around neck) {RegenMP Str+4}
   (You took it off a gnoll on level 9 of the Dungeon)

   [amulet of magic regeneration]

   It increases your magic regeneration.
   It affects your strength (+4).
Wands
 v - a wand of paralysis (10)
 C - a wand of enslavement (21)
 D - a wand of disintegration (18)
 K - a wand of clouds (6)
 R - a wand of iceblast (7)
 W - a wand of digging (6)
 Y - a wand of acid (6)
Scrolls
 c - 3 scrolls of magic mapping
 m - 6 scrolls of amnesia
 n - 3 scrolls of immolation
 w - 3 scrolls of teleportation
 y - 11 scrolls of remove curse
 z - a scroll of fear
 E - 2 scrolls of random uselessness {unknown}
 J - a scroll of brand weapon {unknown}
 L - a scroll of torment {unknown}
 M - 3 scrolls of fog {unknown}
 N - 4 scrolls of blinking {unknown}
 P - 3 scrolls of enchant weapon
 Q - a scroll of vulnerability {unknown}
 U - 3 scrolls of enchant armour {unknown}
Potions
 g - 3 potions of ambrosia
 l - 2 potions of mutation
 o - 4 potions of might
 s - 2 potions of haste
 t - a potion of magic
 u - 3 potions of flight
 B - a potion of heal wounds
 F - 2 potions of brilliance {unknown}
 G - 7 potions of curing
 I - 2 potions of resistance
 Z - 2 potions of berserk rage {unknown}
Comestibles
 d - 39 rations


   Skills:
 + Level 6.5(6.2) Dodging
 - Level 2.1(1.9) Stealth
 - Level 4.0(3.7) Shields
 + Level 10.0(9.7) Spellcasting
 * Level 14.2(13.8) Conjurations
 - Level 4.0(3.7) Translocations
 - Level 0.7(0.4) Transmutations
 - Level 4.0(3.7) Fire Magic
 + Level 17.3(16.9) Earth Magic
 + Level 1.5(1.3) Poison Magic


You had 2 spell levels left.
You knew the following spells:

 Your Spells              Type           Power        Failure   Level  Hunger
a - Sandblast             Erth           ######       0%          1    None
b - Passwall              Tmut/Erth      #####...     1%          2    None
c - Stone Arrow           Conj/Erth      ######       1%          3    None
d - Lee's Rapid Deconstr  Erth           ######....   1%          5    None
e - Petrify               Tmut/Erth      #####...     2%          4    None
f - Mephitic Cloud        Conj/Pois/Air  ####....     1%          3    None
g - Blink                 Tloc           N/A          2%          2    None
h - Fireball              Conj/Fire      #####.....   1%          5    None
i - Iron Shot             Conj/Erth      ######....   1%          6    None

Your spell library contained the following spells:

 Spells                   Type           Power        Failure   Level  Hunger
 Apportation              Tloc           ###...       1%          1    None
 Foxfire                  Conj/Fire      ####         1%          1    None
 Shock                    Conj/Air       ####         1%          1    None
 Shroud of Golubria       Chrm/Tloc      ###...       5%          2    None
 Animate Skeleton         Necr           N/A          8%          1    None
 Corona                   Hex            #......      8%          1    None
 Pain                     Necr           #...         8%          1    None
 Summon Small Mammal      Summ           #...         8%          1    None
 Swiftness                Chrm/Air       #.......     12%         2    None
 Conjure Flame            Conj/Fire      #####...     1%          3    None
 Static Discharge         Conj/Air       #####...     1%          3    None
 Sticky Flame             Conj/Fire      #####...     1%          4    None
 Inner Flame              Hex/Fire       ###.....     3%          3    None
 Lightning Bolt           Conj/Air       #####.....   3%          5    None
 Gell's Gravitas          Tloc           ###.......   4%          3    None
 Lesser Beckoning         Tloc           ###.......   4%          3    None
 Teleport Other           Tloc           ###.....     4%          3    None
 Passage of Golubria      Tloc           N/A          17%         4    None
 Airstrike                Air            #.........   21%         4    None
 Vampiric Draining        Necr           #.........   24%         3    None
 Animate Dead             Necr           N/A          61%         4    None
 Agony                    Necr           #.......     91%         5    None
 Haunt                    Necr/Summ      #.........   100%        7    None
 Borgnjor's Revivificati  Necr           #.........   100%        8    None
 Death's Door             Chrm/Necr      #.........   100%        8    None
 Infestation              Necr           #.........   100%        8    None
 Necromutation            Tmut/Necr      ##........   100%        8    None


Dungeon Overview and Level Annotations

Branches:
Dungeon (11/15)            Temple (1/1) D:4            Lair (6/6) D:11
 Shoals (0/4) Lair:4       Spider (0/4) Lair:4        Slime (0/5) Lair:6
    Orc (1/2) D:9           Sewer (visited)

Altars:
Ashenzari
Cheibriados
Elyvilon
Fedhas
Gozag
Hepliaklqana
Makhleb
Nemelex Xobeh
Okawaru
Qazlal
Ru
Sif Muna
Vehumet
Wu Jian
Xom
Yredelemnul
Zin
Jiyva

Shops:
D:9 (

Annotations:
Orc:1 Jorgrun, Josephine


Innate Abilities, Weirdness & Mutations

You are resistant to torment.
Your stone body is resilient. (AC +10)
You are immune to poison.
Your large and strong wings let you fly indefinitely.
You resist negative energy. (rN+)
You are resistant to electric shocks. (rElec)
You can survive without breathing.
You are immune to petrification.
You are immune to rotting.


Message History

Aim: Josephine, wielding a +0 dagger and wearing a +0 robe of magic resistance (moderately wounded)
The stone arrow misses Josephine.
Josephine hits you but does no damage. Josephine completely misses you.
As you read the scroll of teleportation, it crumbles to dust.
You feel strangely unstable.
The orc warrior shouts!
The warg closely misses you. Josephine hits you with a +0 dagger.
* * * LOW HITPOINT WARNING * * *
The wraith hits you but does no damage. You block Josephine's attack.
The warg bites you but does no damage. Jorgrun gestures at you while chanting.
Roots burst forth from the earth!
The grasping roots grab you!
* * * LOW HITPOINT WARNING * * *
The grasping roots constrict you! Josephine hits you but does no damage.
You see here a curare-tipped dart.
The roots' grasp on you weakens, but your attempt to escape fails.
The warg bites you but does no damage.
Jorgrun says, "May tha earth consume ye!"
You die...

###.#...##........
#.......#.#.......
.......$........W
...............o ##
#...#........h@W
##.##.............#o
#....)....$....#.#.#
##.#..@W........><....
#....@hW#........(....
##.#...#..og..........
# ##..#....T.........
#...#.............
##.$.......$#.#...
##$..............
##.........#...
##.##......... ##
..........


You could see Jorgrun, Josephine, a troll, 2 wraiths, a warg and an orc warrior.

Vanquished Creatures
  Erolcha (Orc:1)
  A fire dragon (Lair:6)
  A catoblepas (Lair:6)
  Fannar (Lair:3)
  10 hydras
  8 death yaks
  2 two-headed ogres (D:9)
  Sonja (Orc:1)
  Nergalle (Lair:3)
  A lindwurm (Lair:6)
  A swamp dragon (Lair:6)
  3 manticores
  2 elephants (Lair:6)
  3 black mambas
  A centaur zombie (D:11)
  Maurice (D:8)
  A gargoyle (D:11)
  9 spiny frogs
  6 komodo dragons
  6 rime drakes
  3 meliai (Lair:5)
  A troll (D:10)
  A hornet (D:11)
  A queen bee (Lair:5)
  7 blink frogs
  Grinder (D:5)
  3 dream sheep (Lair:6)
  8 hippogriffs
  3 wyverns
  35 yaks
  4 wraiths
  A hungry ghost (D:8)
  2 steam dragons (Lair:6)
  2 basilisks
  Edmund (D:4)
  An acid dragon (Lair:6)
  3 soldier ants
  11 water moccasins
  3 porcupines
  4 orc warriors
  Duvessa (D:7)
  A black bear (D:8)
  Purgy (Sewer)
  4 ice beasts
  4 sky beasts
  2 swamp drakes (Lair:6)
  5 centaurs
  8 ogres
  2 phantoms
  16 crocodiles
  2 necrophages
  A wolf (D:9)
  A big kobold (D:7)
  17 bullfrogs
  Dowan (D:7)
  5 gnoll sergeants
  6 scorpions
  19 killer bees
  3 wights (D:7)
  6 howler monkeys
  3 crimson imps
  4 electric eels
  A lava snake (D:11)
  A quasit (D:10)
  A bullfrog zombie (D:9)
  5 jellies
  Crazy Yiuf (D:3)
  14 hounds
  4 gnoll shamans (D:9)
  6 orc priests
  2 bullfrog skeletons (D:4)
  16 orc wizards
  6 iguanas
  11 worker ants
  2 hound zombies
  A hound skeleton (D:6)
  A howler monkey zombie (D:6)
  2 worker ant zombies
  43 gnolls
  A howler monkey skeleton (D:7)
  28 adders
  A shadow imp (D:8)
  3 oozes
  2 adder zombies (D:6)
  An adder skeleton (D:6)
  4 worms
  A dart slug (D:3)
  5 leopard geckos
  38 orcs
  2 ball pythons
  5 giant cockroaches
  6 hobgoblins
  10 jackals (D:9)
  12 kobolds
  5 quokkas
  9 bats
  8 frilled lizards
  11 goblins
  3 quokka skeletons
  3 rats
  A plant (Lair:1)
543 creatures vanquished.

Vanquished Creatures (others)
  An orc wizard (D:5)
  An orc (D:5)
  3 jackals (D:9)
  3 fungi
  9 plants (Lair:6)
17 creatures vanquished.

Grand Total: 560 creatures vanquished

Notes
Turn   | Place    | Note
-------+----------+-------------------------------------------
     0 | D:1      | DearestLeader the Gargoyle Earth Elementalist began the
                  | quest for the Orb.
     0 | D:1      | Reached XP level 1. HP: 10/10 MP: 3/3
   188 | D:1      | Reached skill level 4 in Earth Magic
   379 | D:1      | Reached XP level 2. HP: 15/15 MP: 5/5
  1115 | D:1      | Learned a level 2 spell: Passwall
  1212 | D:2      | Reached skill level 5 in Earth Magic
  1212 | D:2      | Reached XP level 3. HP: 14/19 MP: 3/6
  1348 | D:2      | Learned a level 3 spell: Stone Arrow
  1675 | D:2      | Reached XP level 4. HP: 24/24 MP: 7/7
  1677 | D:2      | Reached skill level 6 in Earth Magic
  2226 | D:3      | Found a hazy altar of Hepliaklqana.
  2256 | D:3      | Reached XP level 5. HP: 28/28 MP: 8/8
  2641 | D:4      | Reached skill level 7 in Earth Magic
  2724 | D:4      | Found a staircase to the Ecumenical Temple.
  2726 | D:4      | Reached skill level 1 in Conjurations
  2737 | Temple   | Entered the Ecumenical Temple
  2926 | Temple   | Became a worshipper of Vehumet
  2977 | D:4      | Found a stormy altar of Qazlal.
  3036 | D:4      | Found a glowing drain.
  3060 | Sewer    | Entered a sewer
  3161 | Sewer    | Noticed Purgy
  3164 | Sewer    | Killed Purgy
  3164 | Sewer    | Reached XP level 6. HP: 30/32 MP: 9/9
  3324 | D:4      | Reached skill level 8 in Earth Magic
  3366 | D:4      | Found a white marble altar of Elyvilon.
  3595 | D:4      | Reached XP level 7. HP: 36/36 MP: 10/10
  3710 | D:4      | Noticed Edmund
  3741 | D:4      | Killed Edmund
  3741 | D:4      | Reached skill level 9 in Earth Magic
  4071 | D:4      | Found a basalt altar of Yredelemnul.
  4073 | D:4      | Reached * piety under Vehumet
  4073 | D:4      | Offered knowledge of Foxfire by Vehumet.
  4193 | D:4      | Found a sacrificial altar of Ru.
  4247 | D:4      | Reached XP level 8. HP: 41/41 MP: 12/12
  4876 | D:3      | Reached skill level 10 in Earth Magic
  5491 | D:3      | Found a runed translucent door.
  5492 | D:3      | Noticed Crazy Yiuf
  5560 | D:3      | Killed Crazy Yiuf
  5759 | D:5      | Entered Level 5 of the Dungeon
  5930 | D:5      | Found a snail-covered altar of Cheibriados.
  5969 | D:5      | Reached skill level 5 in Conjurations
  6315 | D:5      | Offered knowledge of Magic Dart by Vehumet.
  6418 | D:5      | Reached ** piety under Vehumet
  6512 | D:5      | Found a burning altar of Makhleb.
  6519 | D:5      | Learned a level 5 spell: Lee's Rapid Deconstruction
  7057 | D:5      | Reached skill level 11 in Earth Magic
  7096 | D:5      | Noticed Grinder
  7099 | D:5      | Killed Grinder
  7099 | D:5      | Reached XP level 9. HP: 45/45 MP: 14/15
  7853 | D:6      | Found a radiant altar of Vehumet.
  8279 | D:6      | Found a glowing silver altar of Zin.
  8353 | D:6      | Learned a level 4 spell: Petrify
  8431 | D:7      | Reached skill level 5 in Spellcasting
  8431 | D:7      | Reached skill level 12 in Earth Magic
  8580 | D:7      | Noticed a komodo dragon
  8592 | D:7      | Offered knowledge of Searing Ray by Vehumet.
  8653 | D:7      | Noticed Duvessa
  8676 | D:7      | Reached *** piety under Vehumet
  8764 | D:7      | Noticed Dowan
  8773 | D:7      | Killed Duvessa
  8778 | D:7      | Killed Dowan
  9072 | D:7      | Killed a komodo dragon
  9072 | D:7      | Reached XP level 10. HP: 29/50 MP: 18/18
  9079 | D:7      | Reached skill level 13 in Earth Magic
  9229 | D:7      | Found a sparkling altar of Nemelex Xobeh.
  9483 | D:7      | Found a sparkling altar of Nemelex Xobeh.
  9679 | D:8      | Offered knowledge of Mephitic Cloud by Vehumet.
  9694 | D:8      | Learned a level 3 spell: Mephitic Cloud
 10231 | D:8      | Found a shimmering blue altar of Sif Muna.
 10274 | D:8      | Reached **** piety under Vehumet
 10274 | D:8      | Noticed Maurice
 10281 | D:8      | Killed Maurice
 10688 | D:8      | Offered knowledge of Bolt of Magma by Vehumet.
 10688 | D:8      | Reached skill level 14 in Earth Magic
 10998 | D:9      | Noticed a two-headed ogre
 11004 | D:9      | Killed a two-headed ogre
 11004 | D:9      | Reached XP level 11. HP: 28/54 MP: 21/21
 11323 | D:9      | Found Sikh's Antique Weapon Emporium.
 11393 | D:9      | Noticed a two-headed ogre
 11401 | D:9      | Killed a two-headed ogre
 11540 | D:9      | Found a staircase to the Orcish Mines.
 11788 | D:9      | Reached ***** piety under Vehumet
 11858 | D:9      | Offered knowledge of Hailstorm by Vehumet.
 12290 | D:9      | Found a shimmering altar of Xom.
 12290 | D:9      | Found an iron altar of Okawaru.
 12469 | D:9      | Identified the amulet "Zez Jitwe" {RegenMP Str+4}
 12820 | D:9      | Reached skill level 15 in Earth Magic
 13083 | D:10     | Entered Level 10 of the Dungeon
 13122 | D:10     | Reached skill level 1 in Shields
 14683 | D:11     | Learned a level 2 spell: Blink
 14745 | D:11     | Found a staircase to the Lair.
 14955 | D:11     | Reached skill level 10 in Conjurations
 15166 | Lair:1   | Entered Level 1 of the Lair of Beasts
 15178 | Lair:1   | Reached XP level 12. HP: 59/59 MP: 19/24
 15462 | Lair:1   | Offered knowledge of Fulminant Prism by Vehumet.
 15488 | Lair:1   | Reached skill level 1 in Translocations
 16295 | Lair:2   | Got an ichor-stained helmet
 16305 | Lair:2   | Identified the +1 helmet "Raduemem" {rC+++ rCorr Dex-4
                  | SInv} (You found it on level 2 of the Lair of Beasts)
 16643 | Lair:2   | Reached skill level 16 in Earth Magic
 17363 | Lair:3   | Noticed Nergalle
 17379 | Lair:3   | Killed Nergalle
 17588 | Lair:3   | Noticed a seven-headed hydra
 17598 | Lair:3   | Killed a seven-headed hydra
 17828 | Lair:3   | Noticed an eight-headed hydra
 17833 | Lair:3   | Killed an eight-headed hydra
 18237 | Lair:3   | Noticed Fannar
 18252 | Lair:3   | Killed Fannar
 18798 | Lair:4   | Noticed a four-headed hydra
 18806 | Lair:4   | Killed a four-headed hydra
 18806 | Lair:4   | Reached XP level 13. HP: 63/63 MP: 21/25
 18836 | Lair:4   | Found a staircase to the Shoals.
 19564 | Lair:4   | Found a hole to the Spider Nest.
 19916 | Lair:5   | Reached skill level 5 in Dodging
 20364 | Lair:4   | Learned a level 5 spell: Fireball
 20633 | Lair:4   | Reached skill level 1 in Fire Magic
 21188 | Lair:5   | Offered knowledge of Iron Shot by Vehumet.
 21314 | Lair:6   | Entered Level 6 of the Lair of Beasts
 21768 | Lair:6   | Found a viscous altar of Jiyva.
 21768 | Lair:6   | Found a staircase to the Slime Pits.
 21832 | Lair:6   | Gained mutation: Your large and strong wings let you fly
                  | indefinitely. [Gargoyle growth]
 21832 | Lair:6   | Reached XP level 14. HP: 44/68 MP: 19/27
 21840 | Lair:6   | Learned a level 6 spell: Iron Shot
 22016 | Lair:6   | Reached skill level 17 in Earth Magic
 23502 | Lair:6   | Reached skill level 1 in Poison Magic
 23971 | Orc:1    | Entered Level 1 of the Orcish Mines
 23973 | Orc:1    | Noticed Jorgrun
 23976 | Orc:1    | Noticed Sonja
 23977 | Orc:1    | Noticed Josephine
 23988 | Orc:1    | Noticed Erolcha
 23994 | Orc:1    | Killed Erolcha
 23996 | Orc:1    | Reached skill level 10 in Spellcasting
 24009 | Orc:1    | Killed Sonja
 24017 | Orc:1    | Slain by Jorgrun

Illustrated notes

Levels and vault maps discovered:
D:1:      lightli_arrival_isolated_outpost, layout_basic
D:2:      layout_basic
D:3:      layout_rooms, nicolae_overflow_hidden_temple, minmay_snake_closets,
          uniq_crazy_yiuf_cottage
D:4:      layout_gridville, overflow_temple_1_default, hangedman_ru_absence,
          yredelemnul_altar_generic, marbit_many_paths, temple_fountains,
          gup_sewer_entry_pipe, uniq_edmund
D:5:      layout_loops_ring, bloody_makhleb, first_ration, cheibriados_altar_1,
          uniq_grinder
D:6:      kennysheep_six_static_rooms, layout_gridville, zin_statuary,
          basic_altar
D:7:      layout_rooms, nemelex_xobeh_ov_fountains_minmay, basic_altar,
          uniq_duvessa
D:8:      layout_loops_ring, overflow_temple_1_default,
          hangedman_pestilent_swarm, serial_bayou_crossing, uniq_maurice
D:9:      layout_big_octagon, gammafunk_temple_overflow_wave, orc_0_dummy,
          serial_gnoll_camp, gnoll_camp_mini_basic, gnoll_camp_medium_01,
          gnoll_camp_medium_02, gnoll_camp_huts_moat, gnoll_camp_mini_loothouse,
          gnoll_camp_mini_shop
D:10:     layout_loops_ring
D:11:     layout_gridville, lair_entry_dummy, mrwooster_statue_mirror,
          nicolae_lava_and_water
Temple:   jpeg_temple_clearing
Lair:1:   layout_small_grid, st_stairs_4, hibernation_bobbens,
          grunt_megastairs_2
Lair:2:   layout_loops_ring, grunt_megastairs_5
Lair:3:   layout_layer_cave, st_stairs_7, grunt_megastairs_4, uniq_fannar,
          uniq_nergalle
Lair:4:   layout_layer_cave, minmay_shoals_entry_beasts, dummy_spider_entry
Lair:5:   layout_misc_corridors, special_room [special_room_bee],
          grunt_forest_small_clearing_treed, serial_bayou_shore_b
Lair:6:   hangedman_lair_in_review, layout_layer_cave, guppyfry_lair_end_dragon,
          dpeg_slime_entry_enclosed_altar
Orc:1:    layout_caves, uniq_erolcha, uniq_jorgrun, uniq_sonja, uniq_josephine

Skill      XL: |  1  2  3  4  5  6  7  8  9 10 11 12 13 14 |
---------------+-------------------------------------------+-----
Earth Magic    | 4 5 6 7 8 9 11 12 14 15 16 17 | 17.3
Conjurations   | 2 3 4 5 7 8 10 11 13 14 | 14.2
Spellcasting   | 4 5 7 8 9 10 | 10.0
Shields        | 3 4 |  4.0
Dodging        | 2 4 5 6 |  6.5
Translocations | 3 4 |  4.0
Fire Magic     | 2 4 |  4.0
Poison Magic   | 1 |  1.5
Stealth        | |  2.1
Transmutations | |  0.7

Action                   |  1- 3 |  4- 6 |  7- 9 | 10-12 | 13-15 || total
-------------------------+-------+-------+-------+-------+-------++-------
Melee: Dagger            |    90 |    90 |    21 |   203 |       ||   404
       Unarmed           |     5 |       |       |       |       ||     5
       Flail             |       |    16 |   196 |       |       ||   212
       Staff             |       |       |       |    19 |     1 ||    20
 Cast: Sandblast         |    13 |    60 |    41 |    11 |    28 ||   153
       Stone Arrow       |       |       |    94 |   316 |   283 ||   693
       Lee's Rapid Decon |       |       |     8 |    52 |    25 ||    85
       Petrify           |       |       |       |    21 |     2 ||    23
       Mephitic Cloud    |       |       |       |     1 |     5 ||     6
       Iron Shot         |       |       |       |       |    12 ||    12
       Fireball          |       |       |       |       |     4 ||     4
       Blink             |       |       |       |       |     4 ||     4
 Abil: Fly               |       |       |       |       |     1 ||     1
Evoke: Staff of energy   |       |       |       |     6 |       ||     6
  Use: Scroll            |     4 |     9 |     7 |     6 |     3 ||    29
       Potion            |       |       |       |       |     5 ||     5
 Stab: Sleeping          |     3 |     2 |     5 |     3 |       ||    13
       Confused          |       |       |     1 |       |       ||     1
       Petrified         |       |       |       |     3 |       ||     3
  Eat: Chunk             |     3 |     6 |    25 |    40 |     6 ||    80
       Ration            |       |       |       |     1 |     3 ||     4
Armor: Robe              |    26 |    67 |   134 |   188 |    75 ||   490
       Skin              |       |       |     3 |       |       ||     3
Dodge: Dodged            |    57 |    89 |   204 |   256 |   102 ||   708
Block: Buckler           |       |       |       |    13 |    38 ||    51
